Map: Abyssal Reef LE

Players

Harstem - Winner!

  • Race: Protoss Protoss
  • Spawn Location: 11:00

Gauss

  • Race: Protoss Protoss
  • Spawn Location: 5:00

Event: IEM XI Katowice - World Championship 2017

VOD

Have the link to the VOD?

Description

Time

  • Played on: Feb. 27, 2017, 4 a.m.
  • Length: 6:13

All games in this series

Show
View Real Time Build Order
Export as new Build Order

Harstem Protoss - Winner!

Build Orders:  

Get SALT Encoding   

  12  0:00  Probe (Chrono Boost)  
  13  0:11  Probe (Chrono Boost)  
  14  0:18  Pylon  
  14  0:22  Probe (Chrono Boost)  
  15  0:36  Probe (Chrono Boost), Gateway  
  16  0:47  Assimilator, Probe (Chrono Boost)  
  17  0:51  Assimilator  
  17  0:57  Probe (Chrono Boost)  
  17  1:03  Gateway  
  18  1:08  Probe (Chrono Boost)  
  20  1:18  Probe (Chrono Boost)  
  20  1:23  Cybernetics Core  
  20  1:29  Probe (Chrono Boost)  
  20  1:30  Pylon  
  21  1:39  Probe (Chrono Boost)  
  22  1:50  Probe (Chrono Boost)  
  23  2:00  Stalker  
  26  2:01  Mothership Core (Chrono Boost)  
  26  2:07  Pylon  
  26  2:12  Stalker  
  28  2:29  Stalker  
  30  2:44  Probe (Chrono Boost)  
  31  2:48  Stalker  
  31  2:56  Probe (Chrono Boost)  
  34  3:01  Pylon  
  34  3:03  Warp Gate  
  33  3:08  Probe (Chrono Boost)  
  33  3:09  Stalker  
  36  3:15  Robotics Facility  
  36  3:42  Nexus  
  36  4:04  Warp Prism  
  38  4:22  Probe (Chrono Boost)  
  38  4:23  Gateway  
  39  4:25  Gateway  
  39  4:33  Pylon  
  39  4:34  Probe (Chrono Boost)  
  40  4:46  Probe (Chrono Boost)  
  40  4:48  Robotics Bay  
  41  4:54  Probe (Chrono Boost)  
  41  4:57  Probe (Chrono Boost)  
  41  4:59  Observer  
  43  5:04  Pylon  
  43  5:07  Pylon, Probe (Chrono Boost)  
  45  5:14  Probe (Chrono Boost)  
  46  5:16  Stalker x2  
  46  5:20  Stalker  
  52  5:25  Stalker  
  54  5:33  Disruptor  
  54  5:39  Probe (Chrono Boost)  
  54  5:41  Probe (Chrono Boost)  
  60  5:51  Probe (Chrono Boost)  
  60  5:53  Adept x2  
  64  5:59  Adept  
  64  6:02  Adept  
Show
View Real Time Build Order
Export as new Build Order

Gauss Protoss 

Build Orders: Cannon Rush 

Get SALT Encoding   

  12  0:00  Probe (Chrono Boost)  
  13  0:11  Probe (Chrono Boost)  
  14  0:18  Pylon  
  14  0:23  Probe (Chrono Boost)  
  15  0:36  Probe (Chrono Boost)  
  15  0:39  Forge  
  16  0:49  Pylon  
  16  0:51  Probe (Chrono Boost)  
  17  1:02  Probe (Chrono Boost)  
  18  1:12  Photon Cannon  
  18  1:18  Gateway  
  18  1:27  Probe (Chrono Boost)  
  19  1:32  Pylon  
  19  1:42  Probe (Chrono Boost)  
  20  1:51  Photon Cannon  
  20  1:56  Photon Cannon  
  20  1:57  Pylon  
  20  2:06  Probe (Chrono Boost)  
  20  2:07  Zealot  
  23  2:27  Photon Cannon  
  23  2:33  Probe (Chrono Boost)  
  23  2:35  Assimilator  
  23  2:45  Probe (Chrono Boost)  
  23  2:49  Cybernetics Core  
  23  2:50  Pylon  
  24  2:55  Probe (Chrono Boost)  
  24  2:56  Assimilator  
  23  3:06  Probe (Chrono Boost)  
  23  3:11  Photon Cannon  
  24  3:13  Gateway  
  24  3:16  Photon Cannon  
  25  3:20  Probe (Chrono Boost)  
  25  3:26  Pylon  
  26  3:35  Mothership Core (Chrono Boost)  
  26  3:40  Warp Gate  
  27  3:45  Pylon  
  27  3:53  Probe (Chrono Boost)  
  27  3:59  Stalker  
  27  4:00  Pylon  
  24  4:46  Probe (Chrono Boost)  
  24  4:58  Probe (Chrono Boost)  
  25  5:10  Probe (Chrono Boost), Robotics Facility  
  27  5:22  Probe (Chrono Boost), Stalker  
  29  5:35  Probe (Chrono Boost)  
  30  5:38  Gateway  
  28  5:59  Stalker  

Tags
 
Add a new tag
Caveats
  • Supply blocks, unpowered buildings, or Contaminate may cause inaccurate times.
  • Supply counts are checked every 10 seconds.